 Dungeon Crawl Stone Soup version 0.29.0-13-gc9e81de378 (webtiles) character file.

Game seed: 7727953613408144741

135552 Ijustatesigmund the Victor of a Thousand Battles (level 17, -7/163 HPs)
             Began as a Hill Orc Fighter on Sept 10, 2022.
             Was the Champion of Okawaru.
             Shot with an arrow by a satyr (22 damage)
             ... on level 3 of the Shoals.
             The game lasted 01:12:21 (29248 turns).

Ijustatesigmund (HOFi)                             Turns: 29248, Time: 01:12:22

Health: -7/163     AC: 20    Str: 28    XL:     17   Next: 19%
Magic:  30/30      EV: 15    Int: 15    God:    Okawaru [******]
Gold:   1519       SH:  6    Dex: 10    Spells: 16/16 levels left

rFire   + + +      SeeInvis .   a - +8 broad axe (elec)
rCold   + . .      Faith    .   c - +0 buckler
rNeg    . . .      Spirit   .   b - +1 fire dragon scales of Amei {+Inv rF++ rC- Str+3 Int+5}
rPois   .          Reflect  .   A - +0 helmet of the Exiled Persimmons {rF+}
rElec   .          Harm     .   (no cloak)
rCorr   .          Rampage  .   m - +1 pair of gloves
Will    +....                   W - +2 pair of boots
Stlth   ..........              n - amulet of regeneration
HPRegen 1.17/turn               d - ring of protection from cold
MPRegen 0.22/turn               N - +4 ring of evasion

@: lit by a corona, afraid, glowing, studying Polearms
A: cold resistance 1
a: Renounce Religion, Evoke Invisibility, Heroism, Finesse, Duel


You were on level 3 of the Shoals.
You worshipped Okawaru.
Okawaru was exalted by your worship.
You visited 5 branches of the dungeon, and saw 26 of its levels.

You collected 2735 gold pieces.
You spent 1216 gold pieces at shops.

Inventory:

Hand Weapons
 a - a +8 broad axe of electrocution (weapon)
 h - the +10 morningstar "Eos" {elec, Halo rElec}
   (You took it off a merfolk on level 3 of the Shoals)

   It occasionally discharges a powerful burst of electricity upon striking a
   foe.
   It grants its wielder a halo, revealing invisible creatures and increasing
   accuracy against all within it other than the wielder.
   rElec:     It insulates you from electricity.
 r - a +1 vorpal broad axe
Missiles
 f - 2 throwing nets
 X - a curare-tipped dart (quivered)
Armour
 b - the +1 fire dragon scales of Amei (worn) {+Inv rF++ rC- Str+3 Int+5}
   (You found it on level 6 of the Dungeon)

   Str:       It affects your strength (+3).
   Int:       It affects your intelligence (+5).
   rF:        It greatly protects you from fire.
   rC:        It makes you vulnerable to cold.
   +Inv:      It lets you turn invisible.
 c - a +0 buckler (worn)
 m - a +1 pair of gloves (worn)
 A - the +0 helmet of the Exiled Persimmons (worn) {rF+}
   (You found it on level 2 of the Lair of Beasts)

   rF:        It protects you from fire.
 R - the +1 kite shield "Jytzer" {Harm rC+ Slay+2}
   (Okawaru gifted it to you on level 11 of the Dungeon)

   Slay:      It affects your accuracy & damage with ranged weapons and melee
   (+2).
   rC:        It protects you from cold.
   Harm:      It increases damage dealt and taken.
 W - a +2 pair of boots (worn)
Jewellery
 d - a ring of protection from cold (left hand)
 n - an amulet of regeneration (around neck)
 u - a ring of protection from fire
 y - a ring of magical power
 H - a ring of flight
 L - an amulet of guardian spirit
 M - a ring of willpower
 N - a +4 ring of evasion (right hand)
 P - a ring of willpower
 U - a +6 ring of dexterity
Wands
 j - a wand of flame (50)
 k - a wand of polymorph (15)
 v - a wand of digging (2)
 C - a wand of iceblast (18)
 D - a wand of paralysis (14)
 J - a wand of mindburst (19)
 V - a wand of acid (9)
Scrolls
 e - a scroll of blinking
 s - 7 scrolls of identify
 t - 5 scrolls of fog
 w - 4 scrolls of immolation
 x - 3 scrolls of amnesia
 B - a scroll of magic mapping
 F - 6 scrolls of poison
 G - 7 scrolls of teleportation
 O - 3 scrolls of silence
 S - a scroll of fear
Potions
 g - a potion of magic
 i - 6 potions of brilliance
 l - 3 potions of flight
 o - 2 potions of invisibility
 p - 2 potions of heal wounds
 q - 7 potions of attraction
 z - 2 potions of lignification
 E - 4 potions of haste
 I - 7 potions of curing
 K - 4 potions of mutation
 Q - 4 potions of ambrosia
 T - 3 potions of berserk rage
 Y - 2 potions of resistance
 Z - a potion of might


   Skills:
 - Level 17.7 Fighting
 - Level 18.5 Axes
 + Level 11.6 Armour
 - Level 5.5 Dodging
 - Level 11.1 Shields
 + Level 19.3 Invocations
 + Level 8.4 Evocations


You had 16 spell levels left.
You didn't know any spells.
Your spell library contained the following spells:

 Spells                   Type           Power      Damage    Failure   Level
 Foxfire                  Conj/Fire      0%         2x1d4     56%         1
 Magic Dart               Conj           0%         1d3       56%         1
 Slow                     Hex            0%         N/A       56%         1
 Static Discharge         Conj/Air       0%         3-3/arc   71%         2
 Sublimation of Blood     Necr           0%         N/A       71%         2
 Confusing Touch          Hex            0%         N/A       90%         3
 Conjure Flame            Conj/Fire      0%         6-21      90%         3
 Gell's Gravitas          Tloc           0%         N/A       90%         3
 Inner Flame              Hex/Fire       0%         N/A       90%         3
 Mephitic Cloud           Conj/Pois/Air  0%         N/A       90%         3
 Teleport Other           Tloc           0%         N/A       90%         3
 Vampiric Draining        Necr           0%         2d6       90%         3
 Dispel Undead            Necr           0%         3d6       100%        4
 Flame Wave               Conj/Fire      0%         2d4       100%        4
 Passage of Golubria      Tloc           0%         N/A       100%        4
 Petrify                  Tmut/Erth      0%         N/A       100%        4
 Sticky Flame             Conj/Fire      0%         2d3       100%        4
 Irradiate                Conj/Tmut      0%         3d11      100%        5
 Silence                  Hex/Air        0%         N/A       100%        5
 Dispersal                Tloc           0%         N/A       100%        6
 Lehudib's Crystal Spear  Conj/Erth      0%         10d2      100%        8
 Call Imp                 Summ           Unusable   N/A       N/A         2

Dungeon Overview and Level Annotations

Branches:
Dungeon (15/15)            Temple (1/1) D:4            Lair (5/5) D:11
 Shoals (3/4) Lair:2       Spider (0/4) Lair:3        Slime (0/5) Lair:5
    Orc (2/2) D:12            Elf (0/3) Orc:2        Vaults (0/5) D:13
 Depths (0/4) D:15

Altars:
Ashenzari
Cheibriados
Dithmenos
Elyvilon
Fedhas
Gozag
Hepliaklqana
Kikubaaqudgha
Makhleb
Nemelex Xobeh
Okawaru
Qazlal
Ru
Sif Muna
Trog
Uskayaw
Vehumet
Wu Jian
Xom
Yredelemnul
Zin
The Shining One
Beogh

Shops:
D:15 (   Orc:1 *   Orc:2 ([*=(   Shoals:2 !

Annotations:
D:3 2 runed translucent doors, SonOfSpiff's ghost, amateur DrCj
D:7 Dowan; Duvessa
D:12 jokaro's ghost, journeyman HOFi
Lair:3 exclusion: oklob plant


Innate Abilities, Weirdness & Mutations

Your flesh is cold resistant. (rC+)


Message History

You are too injured to fight recklessly!
You are too injured to fight recklessly!
You are too injured to fight recklessly!
You are too injured to fight recklessly!
You are too injured to fight recklessly!
You are too injured to fight recklessly!
You are too injured to fight recklessly!
You are too injured to fight recklessly!
Your unstable footing causes you to fumble your attack.
Your unstable footing causes you to fumble your attack.
The satyr plays a lulling melody on his pipes!
You fall asleep.
The satyr plays a frightful melody on his pipes!
The satyr radiates an aura of fear!
You are terrified of the satyr!
The faun unwields a +0 sling.
The faun wields a +0 spear.
The faun splashes around in the water.
The satyr shoots an arrow.
The arrow barely misses you. The faun hits you with a +0 spear.
You wake up.
The satyr shoots an arrow.
The arrow hits you!!
Your unstable footing causes you to fumble your attack.
The faun hits you with a +0 spear!!
* * * LOW HITPOINT WARNING * * *
You slash the satyr!
The satyr is almost dead.
You hit the faun. Lightning courses through the faun!
You kill the faun!
Okawaru accepts your kill.
You hear a splash. x2
The satyr shoots an arrow.
The arrow hits you!!
* * * LOW HITPOINT WARNING * * *
You feel much better.
The satyr shoots an arrow.
The arrow hits you!!
* * * LOW HITPOINT WARNING * * *
Blink to where?
Press: ? - help, Dir - move target, p - satyr
As you read the scroll of blinking, it crumbles to dust.
The satyr shoots an arrow.
You block the arrow.
You feel your willpower return.
The satyr shoots an arrow.
The arrow hits you!!
You die...

≈≈≈≈≈≈≈~~~##..~~..~~≈~~.~~~~≈≈
≈≈≈≈≈≈≈≈~~.##........~~...~~≈≈≈
≈≈≈≈≈≈≈≈~~~)~...##...~....~~≈≈≈
~~~~~~~~)~~)c~..###(~~~....~≈≈≈
~~~~~~~~~~~~~~~....~≈≈≈..~~~≈≈≈
~.~~~~~~~~~~~.......~≈≈...~~≈≈≈
~~~~~~~~~~~~~~...#.##.....~~~≈≈
~~~~~~~~~~~~~~~.######.....~~≈≈≈
~~~~~~~~~~~~..~.@...##...~~~~≈≈≈≈
~~..~~~~~~~~~..~~.~~~~~~.~~~~~≈≈≈
~~.~~~..~~~....~~...~~~~.~~~~≈≈≈≈
.~~.c~~~~~~....~~~~~~~~~~~~~~≈≈≈≈
..~....~~~~...~~~~~~~~~~~~~~~≈≈≈≈
....~...~~)~~~~~~~~~~~~~.~~~~≈≈≈≈
#........~~~~..~~~~~~~~~~~~~~~≈≈≈
#...##...~~~~...~~~~~~~.~~~~~~~≈≈
.....#...~~~.##..........~~~~~~≈≈


You could see a satyr (scary).

Vanquished Creatures
  A tentacled monstrosity (D:14)
  Jorgrun (D:13)
  A kraken (Shoals:2)
  A frost giant (D:11)
  A caustic shrike zombie (D:15)
  An orc warlord (Orc:2)
  A very ugly thing (D:13)
  2 merfolk impalers (Shoals:2)
  4 boulder beetles
  3 hydras
  A catoblepas (D:15)
  A centaur warrior (D:13)
  14 two-headed ogres
  2 ogre magi
  A death knight (D:14)
  An alligator snapping turtle (Shoals:2)
  2 merfolk avatars
  A satyr (Shoals:3)
  2 merfolk aquamancers
  A tengu warrior (D:13)
  Urug (Lair:2)
  A vampire mage (D:15)
  Sonja (D:13)
  3 orc high priests (Orc:2)
  A spark wasp zombie (D:15)
  8 sea snakes
  3 skeletal warriors
  5 bog bodies
  A lindwurm (Lair:4)
  A wizard (D:15)
  2 necromancers (D:15)
  A phantasmal warrior (D:12)
  4 orc knights
  5 orc sorcerers (Orc:2)
  A wolf spider (D:15)
  4 cyclopes
  25 harpies
  Pikel (D:6)
  2 deep elf pyromancers
  13 ugly things
  11 manticores
  23 fauns
  An elephant (shapeshifter) (D:13)
  24 elephants
  A stone giant skeleton (D:15)
  3 black mambas
  2 water nymphs (Shoals:2)
  5 merfolk sirens
  13 cane toads
  2 demonic crawlers (D:14)
  A torpor snail (Lair:5)
  5 rime drakes
  6 freezing wraiths
  2 gargoyles (D:12)
  Psyche (D:10)
  An efreet (D:14)
  A kobold demonologist (D:11)
  6 komodo dragons
  2 tengu conjurers
  A guardian mummy (D:15)
  8 trolls
  4 wind drakes
  5 polar bears
  9 merfolk
  A troll (shapeshifter) (D:13)
  17 slime creatures
  4 hornets
  3 dream sheep (Shoals:2)
  8 blink frogs
  6 snapping turtles
  A dream sheep (shapeshifter) (D:14)
  A jumping spider (shapeshifter) (D:13)
  5 small abominations (D:14)
  A centaur simulacrum (D:15)
  A vampire (D:11)
  2 wraiths (D:12)
  23 yaks
  9 wyverns
  5 basilisks
  10 water elementals
  7 vampire mosquitoes (D:11)
  Grum (D:10)
  2 steam dragons
  A chaos spawn (D:14)
  A warg (Orc:1)
  An acid dragon (D:8)
  2 large abominations (D:14)
  A human skeleton (D:15)
  18 water moccasins
  3 black bears (D:11)
  An ice beast (D:5)
  30 orc warriors
  18 wolves
  9 ogres
  3 lemures
  3 centaurs
  3 phantoms
  A kobold brigand (D:11)
  4 necrophages
  A gnoll sergeant (D:6)
  13 scorpions
  8 bullfrogs
  9 wights
  3 killer bees (D:7)
  3 howler monkeys
  4 crimson imps (D:7)
  3 hounds
  20 orc priests
  4 gnoll boudas
  2 jellies
  21 orc wizards
  5 iguanas
  3 polar bear simulacra (D:15)
  3 yak simulacra (D:15)
  2 wolf simulacra (D:15)
  14 gnolls
  10 adders
  A white imp (D:5)
  6 worms
  A dart slug (D:5)
  73 orcs
  6 endoplasms
  5 giant cockroaches
  5 goblins
  5 hobgoblins
  6 jackals
  11 kobolds
  2 quokkas
  5 ball pythons
  8 bats
  7 rats
  3 river rat simulacra (D:15)
  A spectral kobold (D:1)
  A bush (Lair:5)
  4 tentacles (Shoals:2)
746 creatures vanquished.

Vanquished Creatures (others)
  23 fungi
  50 plants
  4 tentacles (Shoals:2)
  12 withered plants (D:15)
89 creatures vanquished.

Grand Total: 835 creatures vanquished

Notes
Turn   | Place    | Note
-------+----------+-------------------------------------------
     0 | D:1      | Ijustatesigmund the Hill Orc Fighter began the quest for
                  | the Orb.
     0 | D:1      | Reached XP level 1. HP: 19/19 MP: 1/1
   268 | D:1      | Found a faded altar of an unknown god.
   322 | D:1      | Reached XP level 2. HP: 27/27 MP: 2/2
  1264 | D:2      | Reached XP level 3. HP: 28/33 MP: 3/3
  2336 | D:3      | Found a runed translucent door.
  2352 | D:3      | Noticed SonOfSpiff's ghost (amateur DrCj)
  2403 | D:3      | Noticed a torpor snail
  2406 | D:3      | Found a snail-covered altar of Cheibriados.
  2406 | D:3      | Noticed a torpor snail
  2408 | D:3      | Noticed a torpor snail
  2415 | D:3      | Reached XP level 4. HP: 40/40 MP: 4/4
  2569 | D:3      | Found a runed translucent door.
  2700 | D:3      | Found a basalt altar of Yredelemnul.
  2700 | D:3      | Found a hazy altar of Hepliaklqana.
  2845 | D:4      | Noticed a necrophage
  2859 | D:4      | Killed a necrophage
  2860 | D:4      | Reached XP level 5. HP: 45/47 MP: 5/5
  2933 | D:4      | Found a staircase to the Ecumenical Temple.
  2947 | D:4      | Reached skill level 5 in Axes
  2965 | Temple   | Entered the Ecumenical Temple
  3106 | Temple   | Became a worshipper of Warmaster Okawaru
  3208 | D:4      | Reached XP level 6. HP: 49/53 MP: 6/6
  3267 | D:4      | Reached skill level 1 in Invocations
  3367 | D:4      | Reached skill level 5 in Fighting
  3493 | D:4      | Reached skill level 2 in Invocations
  3493 | D:4      | Reached XP level 7. HP: 55/61 MP: 8/8
  3923 | D:5      | Entered Level 5 of the Dungeon
  3996 | D:5      | Reached * piety under Okawaru
  3997 | D:5      | Reached skill level 5 in Armour
  4011 | D:6      | Reached skill level 3 in Invocations
  4013 | D:6      | Noticed a wyvern
  4020 | D:6      | Killed a wyvern
  4021 | D:6      | Reached XP level 8. HP: 54/70 MP: 7/10
  4045 | D:6      | Reached ** piety under Okawaru
  4046 | D:6      | Reached skill level 4 in Invocations
  4063 | D:6      | Noticed Pikel
  4353 | D:7      | Found a sacrificial altar of Ru.
  4499 | D:5      | Reached skill level 5 in Invocations
  4625 | D:5      | Reached XP level 9. HP: 74/79 MP: 11/13
  4784 | D:5      | Reached skill level 10 in Axes
  4837 | D:5      | Found a broken altar of Ashenzari.
  4845 | D:5      | Found a burning altar of Makhleb.
  5040 | D:5      | Reached skill level 6 in Invocations
  5059 | D:5      | Reached *** piety under Okawaru
  5227 | D:6      | Identified the +3 leather armour of Hedonism {Int+4 Dex+2
                  | Slay+3}
  5303 | D:6      | Killed Pikel
  5572 | D:6      | Identified the +1 fire dragon scales of Amei {+Inv rF++ rC-
                  | Str+3 Int+5}
  5806 | D:7      | Noticed a hornet
  5809 | D:7      | Reached skill level 7 in Invocations
  5819 | D:7      | Reached skill level 5 in Shields
  5823 | D:7      | Noticed Duvessa
  5825 | D:7      | Noticed Dowan
  5827 | D:7      | Paralysed by a hornet for 1 turns
  5974 | D:7      | Reached XP level 10. HP: 65/80 MP: 15/15
  6141 | D:7      | Found a shimmering altar of Xom.
  6156 | D:7      | Reached skill level 1 in Dodging
  6300 | D:7      | Reached **** piety under Okawaru
  6626 | D:8      | Identified the +7 rapier "Juefful" {vorpal, Stlth+}
  6843 | D:8      | Noticed a two-headed ogre
  6854 | D:8      | Killed a two-headed ogre
  6855 | D:8      | Reached skill level 8 in Invocations
  7320 | D:9      | Found a blossoming altar of Fedhas.
  7542 | D:9      | Reached ***** piety under Okawaru
  7543 | D:9      | Reached skill level 1 in Evocations
  7596 | D:9      | Noticed a two-headed ogre
  7602 | D:9      | Killed a two-headed ogre
  7603 | D:9      | Reached skill level 9 in Invocations
  7987 | D:10     | Entered Level 10 of the Dungeon
  7987 | D:10     | Noticed Grum
  7993 | D:10     | Reached skill level 10 in Fighting
  7993 | D:10     | Reached XP level 11. HP: 96/99 MP: 18/18
  8006 | D:10     | Killed Grum
  8053 | D:10     | Found a radiant altar of Vehumet.
  8165 | D:10     | Found an ancient bone altar of Kikubaaqudgha.
  8177 | D:10     | Reached skill level 10 in Invocations
  8302 | D:10     | Noticed a +0 dagger
  8302 | D:10     | Noticed a +0 short sword
  8303 | D:10     | Noticed a +0 short sword
  8303 | D:10     | Noticed a +0 spear
  8303 | D:10     | Noticed a +0 falchion
  8304 | D:10     | Noticed a +0 spear
  8304 | D:10     | Noticed a +0 dagger
  8305 | D:10     | Noticed a +0 falchion
  8310 | D:10     | Found a hide-covered altar of Uskayaw.
  8319 | D:10     | Found a glowing golden altar of the Shining One.
  8442 | D:10     | Paralysed by a hornet for 1 turns
  8469 | D:10     | Noticed Psyche
  8475 | D:10     | Killed Psyche
  8911 | D:11     | Noticed a two-headed ogre
  8931 | D:11     | Reached skill level 5 in Evocations
  8932 | D:11     | Reached skill level 11 in Invocations
  8938 | D:11     | Killed a two-headed ogre
  8938 | D:11     | Reached ****** piety under Okawaru
  9217 | D:11     | Found a staircase to the Lair.
  9368 | D:11     | Noticed a frost giant
  9725 | D:11     | Killed a frost giant
  9725 | D:11     | Identified the +1 kite shield "Jytzer" {Harm rC+ Slay+2}
                  | (Okawaru gifted it to you on level 11 of the Dungeon)
  9725 | D:11     | Received a gift from Okawaru
  9945 | D:11     | Reached XP level 12. HP: 108/112 MP: 20/20
  9962 | D:11     | Noticed a seven-headed hydra
  9963 | D:11     | Noticed a two-headed ogre
  9974 | D:11     | Killed a seven-headed hydra
  9975 | D:11     | Reached skill level 12 in Invocations
 10035 | D:11     | Killed a two-headed ogre
 10092 | D:11     | Identified the +0 robe of the Ladybird {rF+ Str-5 Dex+7}
 10439 | D:12     | Found a staircase to the Orcish Mines.
 10806 | D:12     | Received a gift from Okawaru
 10887 | D:12     | Found a runed translucent gate.
 10887 | D:12     | Found a runed translucent gate.
 10887 | D:12     | Found a runed translucent gate.
 10888 | D:12     | Noticed jokaro's ghost (journeyman HOFi)
 11161 | D:12     | Reached skill level 13 in Invocations
 11642 | D:13     | Noticed Jorgrun
 11642 | D:13     | Noticed a two-headed ogre
 11717 | D:12     | Killed a two-headed ogre
 12001 | D:13     | Killed Jorgrun
 12197 | D:13     | Noticed a centaur warrior
 12205 | D:13     | Killed a centaur warrior
 12237 | D:13     | Noticed a tengu warrior
 12253 | D:13     | Killed a tengu warrior
 12254 | D:13     | Reached XP level 13. HP: 115/122 MP: 23/23
 12278 | D:13     | Noticed Sonja
 12284 | D:13     | Killed Sonja
 12334 | D:13     | Found a gate to the Vaults.
 12353 | D:13     | Reached skill level 14 in Invocations
 12854 | D:13     | Received a gift from Okawaru
 13352 | D:15     | Entered Level 15 of the Dungeon
 13413 | D:14     | Found a runed translucent door.
 13472 | D:14     | Noticed a white very ugly thing
 14057 | Orc:1    | Entered Level 1 of the Orcish Mines
 14057 | Orc:1    | Found a roughly hewn altar of Beogh.
 14134 | Orc:1    | Received a gift from Okawaru
 14441 | Orc:1    | Found Cacsiq's General Store.
 14461 | Orc:1    | Bought a scroll of teleportation for 48 gold pieces
 14461 | Orc:1    | Bought a scroll of fog for 64 gold pieces
 14699 | Orc:2    | Entered Level 2 of the Orcish Mines
 14728 | Orc:2    | Reached skill level 10 in Armour
 15186 | Orc:2    | Found Kysiowk's Weapon Emporium.
 15203 | Orc:2    | Received a gift from Okawaru
 15204 | Orc:2    | Reached skill level 15 in Invocations
 15382 | Orc:2    | Reached skill level 15 in Axes
 15636 | Orc:2    | Reached XP level 14. HP: 107/133 MP: 25/25
 15895 | Orc:2    | Noticed an orc warlord
 16044 | Orc:2    | Killed an orc warlord
 16045 | Orc:2    | Reached skill level 15 in Fighting
 16212 | Orc:2    | Received a gift from Okawaru
 16310 | Orc:2    | Found Dunots's General Store.
 16310 | Orc:2    | Found Vettoub's Jewellery Emporium.
 16311 | Orc:2    | Paralysed by an orc sorcerer for 3 turns
 16342 | Orc:2    | Found Xelica's Antique Armour Emporium.
 16342 | Orc:2    | Found Veesof's Antique Weapon Shoppe.
 16347 | Orc:2    | Bought a potion of curing for 45 gold pieces
 16348 | Orc:2    | Bought a +4 ring of evasion for 396 gold pieces
 16359 | Orc:2    | Bought a slimy chain mail for 190 gold pieces
 16359 | Orc:2    | Identified the +1 chain mail of Dust Devil {rElec} (You
                  | bought it in a shop on level 2 of the Orcish Mines)
 16359 | Orc:2    | Bought a pair of embroidered boots for 150 gold pieces
 16421 | Orc:2    | Found a staircase to the Elven Halls.
 16668 | D:13     | Killed a white very ugly thing
 17174 | D:14     | Noticed a tentacled monstrosity
 17190 | D:14     | Killed a tentacled monstrosity
 17190 | D:14     | Received a gift from Okawaru
 17191 | D:14     | Reached skill level 16 in Invocations
 18307 | D:15     | Found Cown's Weapon Shoppe.
 18347 | D:15     | Received a gift from Okawaru
 18347 | D:15     | Found the +7 Kryia's mail coat {PotionHeal*2 rC+}
 18348 | D:15     | Reached skill level 5 in Dodging
 18357 | D:15     | Reached XP level 15. HP: 51/144 MP: 27/27
 18454 | D:15     | Found a staircase to the Depths.
 19259 | D:15     | Found a sparkling altar of Nemelex Xobeh.
 19461 | Lair:1   | Entered Level 1 of the Lair of Beasts
 20264 | Lair:2   | Found a staircase to the Shoals.
 20442 | Lair:2   | Reached skill level 17 in Invocations
 20643 | Lair:2   | Identified the +0 helmet of the Exiled Persimmons {rF+}
 20680 | Lair:2   | Noticed Urug
 20689 | Lair:2   | Killed Urug
 21476 | Lair:3   | Found a hole to the Spider Nest.
 22734 | Lair:4   | Received a gift from Okawaru
 22822 | Lair:4   | Received a gift from Okawaru
 23374 | Lair:5   | Entered Level 5 of the Lair of Beasts
 23875 | Lair:5   | Received a gift from Okawaru
 23919 | Lair:5   | Reached XP level 16. HP: 135/155 MP: 21/28
 24105 | Lair:5   | Found a staircase to the Slime Pits.
 24611 | Shoals:1 | Entered Level 1 of the Shoals
 24663 | Lair:2   | Identified the +10 demon whip of a treasure trove {flame,
                  | rPois Will+ Int+2 Dex-2} (Okawaru gifted it to you on level
                  | 2 of the Lair of Beasts)
 24663 | Lair:2   | Received a gift from Okawaru
 24825 | Lair:2   | Reached skill level 18 in Invocations
 24933 | Arena    | Entered the Arena
 25303 | Shoals:1 | Reached skill level 10 in Shields
 25658 | Shoals:1 | Identified the +1 kite shield of Iguomil {Will+} (Okawaru
                  | gifted it to you on level 1 of the Shoals)
 25658 | Shoals:1 | Received a gift from Okawaru
 26445 | Shoals:2 | Gained mutation: Your flesh is cold resistant. (rC+)
                  | [potion of mutation]
 26895 | Shoals:2 | Found Vigg's Distillery.
 26915 | Shoals:2 | Bought a potion of curing for 51 gold pieces
 26915 | Shoals:2 | Bought a potion of heal wounds for 85 gold pieces
 26915 | Shoals:2 | Bought a potion of curing for 51 gold pieces
 26915 | Shoals:2 | Bought a potion of mutation for 136 gold pieces
 27184 | Shoals:2 | Noticed a kraken
 27197 | Shoals:2 | Killed a kraken
 27738 | Shoals:2 | Reached skill level 19 in Invocations
 27739 | Shoals:2 | Reached XP level 17. HP: 147/163 MP: 30/30
 28723 | Shoals:3 | Received a gift from Okawaru
 29248 | Shoals:3 | Shot with an arrow by a satyr

Illustrated notes

Levels and vault maps discovered:
D:1:      nzn_arrival_crosshair, layout_loops_corners,
          dreamdust_ecumenical_altar_drowned_temple
D:2:      layout_loops_ring
D:3:      layout_basic, cheibriados_altar_2, gammafunk_temple_overflow_pools,
          ebering_ghost_sewer_f, hex_intersection
D:4:      layout_basic, minmay_temple_entry_mist
D:5:      minmay_octagon_keep, layout_basic, mainiacjoe_overflow_big_doors
D:6:      layout_cave_pools, uniq_pikel
D:7:      layout_loops_corners, led_xom_imps, hangedman_ru_absence, uniq_duvessa
D:8:      layout_rooms, minmay_fractal_squares_diagonal_5
D:9:      layout_irregular_city, lemuel_doored_altar, serial_glass,
          glass_columns_c, glass_columns_b, glass_columns_b, glass_columns_a,
          glass_columns_b, glass_columns_a, glass_columns_b, glass_columns_c
D:10:     layout_irregular_city, nicolae_uskayaw_en_pointe,
          nicolae_kikubaaqudgha_miasma_corner, fiery_altar_vehumet,
          lemuel_round_altar, uniq_grum, uniq_psyche
D:11:     layout_roguey, grunt_lair_entry_orc_guard_hut, kennysheep_just_a_vault
D:12:     layout_basic, david_orc_2, gammafunk_ghost_spectres
D:13:     layout_gridville, david_vaults_2, uniq_sonja, uniq_jorgrun
D:14:     cheibrodos_body_horror, layout_small_grid, roderic_filled_cross,
          drop_trap
D:15:     gammafunk_depths_entry_grave, layout_layer_cave, serial_shops, shop,
          nemelex_spade_bored_becter, eino_house_with_fridge
Temple:   hellmonk_temple_beads
Lair:1:   layout_chaotic_city, serial_bayou_pond_c, grunt_megastairs_1
Lair:2:   layout_layer_cave, shoals_dummy_entry, uniq_urug
Lair:3:   layout_layer_cave, nicolae_spider_entry_non_spiders, minivault_23,
          lemuel_oklob_altar
Lair:4:   layout_small_grid, chequers_serial_rivers_marsh
Lair:5:   gammafunk_lair_ancient_temple, layout_cave_pods, slime_entry_1
Shoals:1: layout_shoals, nicolae_shoals_secluded_bog
Shoals:2: layout_shoals, serial_shops, shop
Shoals:3: layout_shoals, nicolae_shoals_cliffside_cave
Orc:1:    layout_caves, basic_altar, serial_shops, shop
Orc:2:    st_orc_congregation, layout_caves, special_room, serial_shops, shop,
          rock_pile

Skill      XL: |  1  2  3  4  5  6  7  8  9 10 11 12 13 14 15 16 17 |
---------------+----------------------------------------------------+-----
Axes           | 3 4 5 6 7 9 11 12 13 15 16 17 18 | 18.5
Fighting       | 4 5 7 8 10 11 13 14 16 17 | 17.7
Armour         | 4 5 6 8 10 11 | 11.6
Shields        | 4 5 8 11 | 11.1
Invocations    | 2 3 5 7 9 11 13 15 16 17 19 | 19.3
Dodging        | 2 5 |  5.5
Evocations     | 2 6 7 8 |  8.4

Action                   |  1- 3 |  4- 6 |  7- 9 | 10-12 | 13-15 | 16-18 || total
-------------------------+-------+-------+-------+-------+-------+-------++-------
Melee: War axe           |   107 |    82 |   275 |   569 |    48 |       ||  1081
       Flail             |       |       |       |     8 |    18 |       ||    26
       Broad axe         |       |       |       |       |  1002 |   454 ||  1456
Throw: Throwing net      |       |       |       |     1 |       |       ||     1
       Dart              |       |       |       |       |     4 |       ||     4
Invok: Heroism           |       |       |     3 |    12 |     5 |       ||    20
       Finesse           |       |       |       |     1 |     1 |       ||     2
       Duel              |       |       |       |       |       |     1 ||     1
Evoke: Wand              |       |       |     2 |     6 |    16 |    32 ||    56
  Use: Scroll            |     5 |       |    12 |    12 |    14 |     5 ||    48
       Potion            |       |     2 |     2 |     5 |     7 |     5 ||    21
 Stab: Invisible         |       |       |       |     2 |       |       ||     2
       Held in net/web   |       |       |       |     1 |       |       ||     1
       Paralysed         |       |       |       |       |    12 |       ||    12
Armor: Scale mail        |    16 |       |       |       |       |       ||    16
       Chain mail        |    48 |    44 |   106 |       |       |       ||   198
       Fire dragon scale |       |       |    23 |   252 |   379 |   208 ||   862
       Leather armour    |       |       |     4 |       |       |       ||     4
       Skin              |       |       |       |    14 |       |       ||    14
Dodge: Dodged            |    44 |    31 |   102 |   273 |   480 |   352 ||  1282
Block: Buckler           |    16 |    14 |    64 |   144 |   211 |   158 ||   607
